 Dungeon Crawl Stone Soup version 0.28-a0-771-g91a516d0e7 (webtiles) character file.

Game seed: 16833444024630164488

5349 BlueGoblin the Grappler (level 10, -1/100 HPs)
             Began as a Troll Monk on Nov 1, 2021.
             Was an Elder of Yredelemnul.
             Slain by an eight-headed hydra (7 damage)
             ... on level 1 of the Lair of Beasts.
             The game lasted 00:12:45 (8032 turns).

BlueGoblin the Grappler (Troll Monk)                Turns: 8032, Time: 00:12:47

Health: -1/100     AC:  5    Str: 24    XL:     10   Next: 38%
Magic:  10/10      EV: 12    Int:  6    God:    Yredelemnul [****..]
Gold:   346        SH:  0    Dex: 12    Spells: 9/9 levels left

rFire   + . .      SeeInvis .     - Unarmed
rCold   + . .      Faith    .   (no shield)
rNeg    . . .      Spirit   .   y - +1 robe {rC+ rF+}
rPois   .          Reflect  .   v - +0 hat {Will+}
rElec   .          Harm     .   (no cloak)
rCorr   .          Rampage  .   (gloves unavailable)
Will    +....                   (boots unavailable)
Stlth   ++........              i - amulet of regeneration
HPRegen 2.26/turn               (no ring)
MPRegen 0.12/turn               (no ring)

@: no status effects
A: large, unfitting armour, claws 3, regeneration 1, shaggy fur 1, tough skin 1
a: Renounce Religion, Recall Undead Slaves, Injury Mirror, Animate Dead, Drain
Life


You were on level 1 of the Lair of Beasts.
You worshipped Yredelemnul.
Yredelemnul was greatly pleased with you.
You visited 3 branches of the dungeon, and saw 11 of its levels.
You also visited: Bailey.

You collected 346 gold pieces.

Inventory:

Armour
 v - a +0 hat of willpower (worn)
 y - a +1 robe of resistance (worn)
Jewellery
 i - an amulet of regeneration (around neck)
 q - an amulet of magic regeneration
 x - a +6 ring of dexterity
Wands
 a - a wand of charming (10)
 l - a wand of digging (7)
 n - a wand of paralysis (7)
Scrolls
 c - 3 scrolls of enchant weapon
 h - 3 scrolls of teleportation
 k - a scroll of magic mapping
 z - a scroll of amnesia
Potions
 b - 2 potions of curing
 d - 3 potions of mutation
 e - 3 potions of flight
 f - 5 potions of might
 g - a potion of ambrosia {unknown}
 j - 3 potions of haste {unknown}
 m - 2 potions of brilliance {unknown}
 o - a potion of lignification {unknown}
 p - a potion of attraction {unknown}
 r - 3 potions of magic {unknown}
 s - 2 potions of resistance {unknown}
 t - 4 potions of heal wounds {unknown}
 u - a potion of cancellation {unknown}
 w - a potion of invisibility {unknown}


   Skills:
 * Level 6.7 Fighting
 + Level 6.3 Dodging
 - Level 1.0 Stealth
 + Level 11.9 Unarmed Combat
 + Level 2.0 Invocations


You had 9 spell levels left.
You didn't know any spells.
Your spell library contained the following spells:

 Spells                   Type           Power      Damage    Failure   Level
 Sandblast                Erth           0%         2d4       45%         1
 Sting                    Tmut/Pois      0%         1d3       45%         1
 Ensorcelled Hibernation  Hex/Ice        0%         N/A       58%         2
 Passwall                 Tmut/Erth      0%         N/A       58%         2
 Poisonous Vapours        Pois/Air       0%         N/A       58%         2
 Dazzling Flash           Conj/Hex       0%         N/A       83%         3
 Mephitic Cloud           Conj/Pois/Air  0%         N/A       83%         3
 Stone Arrow              Conj/Erth      0%         3d7       83%         3
 Tukima's Dance           Hex            0%         N/A       83%         3
 Olgreb's Toxic Radiance  Pois           0%         N/A       99%         4
 Sticky Flame             Conj/Fire      0%         2d3       99%         4
 Agony                    Necr           0%         N/A       100%        5
 Fireball                 Conj/Fire      0%         3d3       100%        5
 Irradiate                Conj/Tmut      0%         3d13      100%        5
 Silence                  Hex/Air        0%         N/A       100%        5
 Starburst                Conj/Fire      0%         6d3       100%        6
 Ozocubu's Refrigeration  Ice            0%         4d5       100%        7
 Ignition                 Fire           0%         3d3       100%        8


Dungeon Overview and Level Annotations

Branches:
Dungeon (9/15)             Temple (1/1) D:7            Lair (1/6) D:9
    Orc (0/2) D:9          Bailey (visited)

Altars:
Ashenzari
Cheibriados
Dithmenos
Elyvilon
Fedhas
Gozag
Hepliaklqana
Kikubaaqudgha
Makhleb
Nemelex Xobeh
Okawaru
Qazlal
Ru
Sif Muna
Trog
Uskayaw
Vehumet
Wu Jian
Xom
Yredelemnul
Zin
The Shining One

Shops:
D:2 [   D:4 (   D:9 *


Innate Abilities, Weirdness & Mutations

You are too large for most types of armour.
You have claws for hands.
Your natural rate of healing is unusually fast.
You are covered in fur. (AC +1)
You have tough skin. (AC +1)


Message History

Found a leather armour.
t - 4 silvery potions (gained 1)
h - 3 scrolls of teleportation (gained 1)
z - a scroll of amnesia A five-headed hydra comes into view.
A five-headed hydra is nearby!
A five-headed hydra is nearby!
You rip one of the five-headed hydra's heads off!
The four-headed hydra grows two more!
You claw the six-headed hydra!
The six-headed hydra is moderately wounded.
You rip one of the six-headed hydra's heads off!
The five-headed hydra grows two more!
You claw the seven-headed hydra!
The seven-headed hydra is moderately wounded.
The seven-headed hydra bites you!
The seven-headed hydra closely misses you.
The seven-headed hydra bites you.
The seven-headed hydra closely misses you.
The seven-headed hydra bites you! x2
The seven-headed hydra barely misses you.
You rip one of the seven-headed hydra's heads off!
The six-headed hydra grows two more!
You scratch the eight-headed hydra.
The eight-headed hydra is lightly wounded.
The eight-headed hydra bites you. The eight-headed hydra misses you.
The eight-headed hydra barely misses you.
The eight-headed hydra bites you! The eight-headed hydra bites you.
The eight-headed hydra closely misses you.
The eight-headed hydra misses you. The eight-headed hydra bites you.
There is a staircase back to the Dungeon, spattered with blood here.
The eight-headed hydra bites you but does no damage.
The eight-headed hydra bites you. x2; The eight-headed hydra bites you! x2
The eight-headed hydra misses you. The eight-headed hydra bites you! x2
The eight-headed hydra bites you!
* * * LOW HITPOINT WARNING * * *
The eight-headed hydra bites you!
* * * LOW HITPOINT WARNING * * *
The eight-headed hydra bites you.
* * * LOW HITPOINT WARNING * * *
The eight-headed hydra bites you!
You die...
Your body rises from the dead as a mindless zombie.

..# #..# #..# .
##..##..
########....#.###
...........##.#.##
..................
..................
........<@........
........D........[
..................
......[.....##..#.
P#.#+#.......#
#.## ..
..#......## ... .
...P......# ....
....P......#
......
....#......##.....


You could see an eight-headed hydra.

Vanquished Creatures
  A cane toad (Lair:1)
  Sigmund (D:5)
  6 yaks (D:9)
  A wyvern (D:7)
  A steam dragon (D:9)
  Menkaure (D:7)
  2 orc warriors
  An ice beast (D:7)
  3 black bears
  An ogre (D:5)
  A necrophage (D:6)
  3 centaurs (D:9)
  2 phantoms
  A kobold brigand (D:7)
  7 bullfrogs
  3 scorpions
  A water moccasin zombie (D:6)
  10 wights
  4 howler monkeys
  An electric eel (D:7)
  4 centaur zombies
  2 hounds
  3 jellies
  5 orc priests
  2 centaur skeletons
  2 iguanas
  6 orc wizards
  A howler monkey zombie (D:5)
  7 adders
  21 gnolls
  A howler monkey skeleton (D:4)
  3 white imps
  An adder zombie (D:4)
  An adder skeleton (D:4)
  2 worms
  6 dart slugs
  24 orcs
  6 endoplasms
  3 giant cockroaches
  10 goblins
  17 hobgoblins
  8 jackals
  23 kobolds
  3 quokkas
  8 ball pythons
  2 bats
  2 frilled lizards (D:1)
  A goblin skeleton (D:8)
  2 goblin zombies (D:8)
  A kobold skeleton (D:8)
  A kobold zombie (D:8)
  An orc skeleton (D:8)
  4 rats
234 creatures vanquished.

Vanquished Creatures (collateral kills)
  A kobold brigand (D:9)
  A gnoll (Bailey)
  2 kobolds (D:9)
4 creatures vanquished.

Vanquished Creatures (others)
  2 centaur zombies (D:9)
  A bullfrog zombie (D:9)
  2 gnoll zombies (Bailey)
  4 hobgoblin zombies (Bailey)
  A howler monkey zombie (D:9)
  5 kobold zombies
  A plant (D:6)
16 creatures vanquished.

Grand Total: 254 creatures vanquished

Notes
Turn   | Place    | Note
-------+----------+-------------------------------------------
     0 | D:1      | BlueGoblin the Troll Monk began the quest for the Orb.
     0 | D:1      | Reached XP level 1. HP: 22/22 MP: 0/0
   134 | D:1      | Found a faded altar of an unknown god.
   143 | D:1      | Reached XP level 2. HP: 29/29 MP: 1/1
   396 | D:1      | Reached XP level 3. HP: 36/37 MP: 2/2
  1455 | D:2      | Reached XP level 4. HP: 45/45 MP: 3/3
  1494 | D:2      | Got the Grimoire of Ice and Arcane Weapons
  1914 | D:2      | Found Nokku's Armour Shoppe.
  2228 | D:3      | Reached skill level 4 in Unarmed Combat
  2424 | D:3      | Reached XP level 5. HP: 44/53 MP: 4/4
  2704 | D:4      | Noticed a black bear
  2711 | D:4      | Reached skill level 5 in Unarmed Combat
  2711 | D:4      | Reached XP level 6. HP: 50/62 MP: 5/5
  2891 | D:4      | Found Manuel's Weapon Shop.
  2949 | D:4      | Reached skill level 6 in Unarmed Combat
  3261 | D:4      | Reached XP level 7. HP: 70/70 MP: 6/6
  3640 | D:5      | Entered Level 5 of the Dungeon
  3695 | D:5      | Reached skill level 7 in Unarmed Combat
  3751 | D:5      | Noticed Sigmund
  3799 | D:5      | Killed Sigmund
  3800 | D:5      | Reached XP level 8. HP: 40/79 MP: 7/7
  3889 | D:5      | Reached skill level 8 in Unarmed Combat
  4433 | D:6      | Reached skill level 5 in Fighting
  4451 | D:6      | Found a hide-covered altar of Uskayaw.
  4501 | D:6      | Reached skill level 9 in Unarmed Combat
  4616 | D:6      | Reached skill level 5 in Dodging
  4624 | D:6      | Reached XP level 9. HP: 88/88 MP: 8/8
  4668 | D:6      | Found a hazy altar of Hepliaklqana.
  4918 | D:7      | Found a staircase to the Ecumenical Temple.
  4962 | Temple   | Entered the Ecumenical Temple
  5127 | Temple   | Became a worshipper of Yredelemnul the Dark
  5127 | Temple   | Reached * piety under Yredelemnul
  5127 | Temple   | Reached ** piety under Yredelemnul
  5252 | D:7      | Reached skill level 10 in Unarmed Combat
  5374 | D:7      | Noticed Menkaure
  5381 | D:7      | Killed Menkaure
  5695 | D:8      | Found a glowing golden altar of the Shining One.
  6123 | D:8      | Found a flagged portal.
  6217 | Bailey   | Entered a bailey
  6274 | Bailey   | Reached *** piety under Yredelemnul
  6405 | Bailey   | Reached skill level 11 in Unarmed Combat
  6712 | D:8      | Acquired a +0 hat of willpower
  7183 | D:9      | Reached XP level 10. HP: 98/98 MP: 5/9
  7397 | D:9      | Found a blossoming altar of Fedhas.
  7397 | D:9      | Found a white marble altar of Elyvilon.
  7415 | D:9      | Found a staircase to the Orcish Mines.
  7415 | D:9      | Found a staircase to the Lair.
  7418 | D:9      | Reached **** piety under Yredelemnul
  7425 | D:9      | Reached skill level 1 in Invocations
  7647 | D:9      | Found Notwel's Lightly-Used Armoury.
  7824 | Lair:1   | Entered Level 1 of the Lair of Beasts
  7824 | Lair:1   | Noticed a cane toad
  7832 | Lair:1   | Killed a cane toad
  8002 | Lair:1   | Noticed a five-headed hydra
  8032 | Lair:1   | Slain by an eight-headed hydra

Illustrated notes

Levels and vault maps discovered:
D:1:      matt_arrival_refuge, layout_basic, hellmonk_ecumenical_altar_blasted
D:2:      layout_basic, serial_shops, shop, palyth_stone_intersect,
          minmay_octomino_j4
D:3:      layout_basic, chequers_serial_rivers_micro_d
D:4:      minmay_angry_zag, layout_loops_corners, serial_shops,
          nicolae_shop_waterfront
D:5:      layout_basic, minmay_fractal_squares_5, uniq_sigmund
D:6:      layout_rooms, mainiacjoe_overflow_catch_the_wave
D:7:      layout_rooms, minmay_temple_entry_proselytizer, fountainhead,
          uniq_menkaure
D:8:      layout_cave_pools, nicolae_tso_besieged_by_evil, enter_bailey_5,
          serial_co_window_serial, co_window_paths_b, co_window_paths_a,
          co_window_corner_a, co_window_paths_a, co_window_paths_b,
          co_window_corner_b, co_window_of_opportunity_b, co_window_corner_b,
          co_window_corner_b, co_window_2corner, co_window_paths_d,
          glass_columns_c, glass_columns_a, glass_columns_a, glass_columns_a
D:9:      layout_irregular_city, gammafunk_temple_overflow_pools,
          lair_entry_dummy, orc_0_dummy, minmay_shop_damaged
Temple:   minmay_crystal_spiral_temple
Lair:1:   layout_regular_city

Skill      XL: |  1  2  3  4  5  6  7  8  9 10 |
---------------+-------------------------------+-----
Fighting       | 3 4 5 6 |  6.7
Dodging        | 3 4 5 6 |  6.3
Unarmed Combat | 4 5 6 7 9 11 | 11.9
Invocations    | 2 |  2.0
Stealth        | |  1.0

Action                   |  1- 3 |  4- 6 |  7- 9 | 10-12 || total
-------------------------+-------+-------+-------+-------++-------
Melee: Unarmed           |    86 |   121 |   401 |    49 ||   657
       Punch             |     2 |     5 |    15 |     2 ||    24
Invok: Animate Dead      |       |       |     7 |     4 ||    11
  Use: Scroll            |       |     5 |     9 |       ||    14
 Stab: Sleeping          |     2 |     2 |     2 |       ||     6
Armor: Robe              |    30 |    40 |    78 |    12 ||   160
Dodge: Dodged            |    34 |    58 |   236 |    37 ||   365

Table legend: (Time is in decaauts)
 A = Elapsed time spent in this place.
 B = Non-inter-level travel time spent in this place.
 C = Inter-level travel time spent in this place.
 D = Time resting spent in this place.
 E = Time spent auto-exploring this place.
 F = Levels seen in this place.
 G = Mean time per level.
                   A        B        C        D        E       F      G
               +--------+--------+--------+--------+--------+-----+--------+
         Total |   7937 |   7568 |    369 |    208 |   5742 |  12 |  661.4 |
       Dungeon |   7124 |   6839 |    285 |     89 |   5407 |   9 |  791.6 |
        Temple |    213 |    129 |     84 |      0 |    112 |   1 |  213.0 |
          Lair |    204 |    204 |      0 |    119 |     25 |   1 |  204.0 |
        Bailey |    395 |    395 |      0 |      0 |    198 |   1 |  395.0 |
               +--------+--------+--------+--------+--------+-----+--------+

Top non-repeatable levels by time:
     D:8: 1009 daAuts
     D:1: 990 daAuts
     D:2: 969 daAuts
     D:4: 958 daAuts
     D:5: 736 daAuts
     D:3: 702 daAuts
     D:9: 693 daAuts
     D:7: 570 daAuts
     D:6: 494 daAuts
  Bailey: 395 daAuts
  Temple: 213 daAuts
  Lair:1: 204 daAuts
